 Dungeon Crawl Stone Soup version 0.27-a0-1065-ge809cff456 (webtiles) character file.

Game seed: 13198878493869677000

56 robertstho the Chiller (level 3, -3/28 HPs)
             Began as a Naga Ice Elementalist on Apr 23, 2021.
             Slain by a gnoll
             ... wielding a +0 flail
              (4 damage)
             ... on level 2 of the Dungeon.
             The game lasted 00:03:35 (1631 turns).

robertstho the Chiller (Naga Ice Elementalist)      Turns: 1631, Time: 00:03:35

Health: -3/28      AC:  2    Str: 10    XL:     3   Next: 95%
Magic:  2/6        EV: 10    Int: 16    God:
Gold:   39         SH:  0    Dex: 11    Spells: 5/6 levels left

rFire    . . .     SeeInvis +   h - +4 whip
rCold    . . .     Faith    .   (no shield)
rNeg     . . .     Spirit   .   a - +0 robe
rPois    +         Reflect  .   (no helmet)
rElec    .         Harm     .   (no cloak)
rCorr    .         Rampage  .   (no gloves)
Will     .....                  (no barding)
Stlth    ++........             (no amulet)
HPRegen  0.09/turn              (no ring)
MPRegen  0.10/turn              (no ring)

@: short of breath, very slow
A: AC +1, large, see invisible, deformed body, poison resistance, slowness 2,
spit poison 1, naga tail 1
a: Spit Poison


You were on level 2 of the Dungeon.
You visited 1 branch of the dungeon, and saw 2 of its levels.

You collected 39 gold pieces.

Inventory:

Hand Weapons
 b - a +0 whip
 h - a +4 whip (weapon)
Missiles
 d - 7 javelins
Armour
 a - a +0 robe (worn)
Magical Staves
 e - a staff of conjuration
Scrolls
 c - a scroll of fear {unknown}
 g - a scroll of teleportation {unknown}
Potions
 f - 3 potions of heal wounds {unknown}


   Skills:
 + Level 0.1 Fighting
 + Level 0.2 Maces & Flails
 + Level 1.7 Dodging
 * Level 3.7 Stealth
 * Level 2.3 Spellcasting
 * Level 4.9 Ice Magic


You had 5 spell levels left.
You knew the following spells:

 Your Spells              Type           Power      Damage    Failure   Level
a - Freeze                Ice            68%        1d8       2%          1

Your spell library contained the following spells:

 Spells                   Type           Power      Damage    Failure   Level
 Frozen Ramparts          Ice            34%        1d5       9%          3
 Ozocubu's Armour         Ice            17%        N/A       9%          3
 Hailstorm                Conj/Ice       9%         3d4       58%         4
 Metabolic Englaciation   Hex/Ice        4%         N/A       90%         5


Dungeon Overview and Level Annotations

Branches:
Dungeon (2/15)

Altars:


Innate Abilities, Weirdness & Mutations

Your serpentine skin is tough. (AC +1)
You have supernaturally acute eyesight. (SInv)
Armour fits poorly on your strangely shaped body.
Your system is resistant to poisons. (rPois)
You cover ground very slowly.
You can spit poison.
You have a snake-like lower body.


Message History

Press: ? - help, Shift-Dir - straight line, f/p - endoplasm
Aim: an endoplasm (almost dead)
You freeze the endoplasm.
You kill the endoplasm!
You have got your breath back.
The gnoll hits you from afar with a +0 spear.
The gnoll hits you but does no damage.
Press: ? - help, Shift-Dir - straight line, f - gnoll
Aim: a gnoll, wielding a +0 spear The splash of poison hits the gnoll.
The gnoll is poisoned.
The gnoll is lightly wounded.
The gnoll hits you from afar with a +0 spear.
Unknown command.
You have got your breath back.
The gnoll hits you from afar with a +0 spear.
The gnoll barely misses you.
There is a stone staircase leading up here.
Press: ? - help, Shift-Dir - straight line, f - gnoll, p - gnoll
Aim: a gnoll, wielding a +0 flail The splash of poison misses the gnoll.
You kill the gnoll!
Unknown command.
Casting: Freeze (safe; 2% risk of failure)
Confirm with . or Enter, or press ? or * to list all spells.
Aiming: Freeze (safe; 2% risk of failure)
Press: ? - help, Shift-Dir - straight line, f/p - gnoll
Aim: a gnoll, wielding a +0 flail You freeze the gnoll.
The gnoll is moderately wounded.
The gnoll hits you with a +0 flail!
* * * LOW HITPOINT WARNING * * *
Casting: Freeze (safe; 2% risk of failure)
Confirm with . or Enter, or press ? or * to list all spells.
Aiming: Freeze (safe; 2% risk of failure)
Press: ? - help, Shift-Dir - straight line, f/p - gnoll
Aim: a gnoll, wielding a +0 flail (moderately wounded)
You freeze the gnoll.
The gnoll is severely wounded.
The gnoll hits you with a +0 flail.
You die...

.. #..#......?
#. #..##......
#. #..# ##g.##
#.##..# #..#
#....#####..##
##.....).....#
###....####..#..
######...†.##
#.†###
#...@g)..###
...# #.......##
#.#.#
#...........
.....
#.......####
##..#..
#......## #.. .#
#..##### ##. #.
#.


You could see a gnoll.

Vanquished Creatures
  2 gnolls (D:2)
  4 ball pythons (D:1)
  5 endoplasms
  2 giant cockroaches (D:1)
  3 goblins (D:1)
  4 hobgoblins
  2 jackals (D:1)
  3 kobolds
  6 bats
  A frilled lizard (D:1)
  2 rats (D:1)
34 creatures vanquished.

Notes
Turn   | Place    | Note
-------+----------+-------------------------------------------
     0 | D:1      | robertstho the Naga Ice Elementalist began the quest for
                  | the Orb.
     0 | D:1      | Reached XP level 1. HP: 15/15 MP: 3/3
    78 | D:1      | Reached XP level 2. HP: 7/22 MP: 0/5
  1010 | D:1      | Reached XP level 3. HP: 27/28 MP: 2/6
  1630 | D:2      | HP: 1/28 [gnoll/+0 flail (9)]
  1631 | D:2      | Slain by a gnoll

Illustrated notes

Levels and vault maps discovered:
D:1:      dpeg_arrival_three_bigger_balls, layout_basic
D:2:      layout_rooms

Action                   || total
-------------------------++-------
Melee: Whip              ||    19
       Staff             ||     8
 Cast: Freeze            ||    27
 Abil: Spit Poison       ||    19
 Stab: Sleeping          ||     1
Armor: Robe              ||     6
Dodge: Dodged            ||    31

Table legend: (Time is in decaauts)
 A = Elapsed time spent in this place.
 B = Non-inter-level travel time spent in this place.
 C = Inter-level travel time spent in this place.
 D = Time resting spent in this place.
 E = Time spent auto-exploring this place.
 F = Levels seen in this place.
 G = Mean time per level.
                   A        B        C        D        E       F      G
               +--------+--------+--------+--------+--------+-----+--------+
         Total |   1966 |   1893 |     73 |    259 |   1375 |   2 |  983.0 |
       Dungeon |   1966 |   1893 |     73 |    259 |   1375 |   2 |  983.0 |
               +--------+--------+--------+--------+--------+-----+--------+

Top non-repeatable levels by time:
     D:1: 1874 daAuts
     D:2: 92 daAuts
